AoeStats
← Sgt. Paulto

Lombardia

508046796Analyzed
3v3 RM · 12d ago on Sep 20, 2026· 38m 12s· 6 players
Game mode
Random Map
Map size
Normal (6 player)
Population
200
Speed
Normal
Resources
Standard
Victory
Conquest
Starting age
Dark Age
Ending age
Imperial Age
RankedLock teamsTeams togetherTeam positionsShared explorationLock speedFull tech treeHidden civsTurbo modeCheats
Victory
Defeat
🇺🇸 Mongols · United States
908
+13
🇲🇽 Vietnamese · Mexico
840
+16
🇺🇸 Spanish · United States
800
+31
🇬🇧 Huns · United Kingdom
888
-51
🇺🇸 Burgundians · United States
820
-33
🇩🇪 Teutons · Germany
809
-14
inteligenteplaya
3:14 Loom
10:12 Feudal Age
16:50 Double-Bit Axe
16:47 Horse Collar
20:47 Gold Mining
24:01 Castle Age
23:55 Fletching
24:06 Padded Archer Armor
24:16 Stone Mining
25:06 Arson
25:37 Forging
25:33 Scale Mail Armor
27:11 Wheelbarrow
26:04 Crossbowman
26:49 Thumb Ring
27:07 Bow Saw
29:42 Bodkin Arrow
30:03 Leather Archer Armor
29:51 Squires
30:05 Heavy Plow
30:53 Ballistics
30:44 Fortified Wall
34:36 Chatras
34:54 Hand Cart
37:02 Iron Casting
39:43 Imperial Age
37:03 Town Watch
38:02 Chain Mail Armor
38:10 Elite Skirmisher
Blue_Silver
7:45 Loom
9:37 Feudal Age
10:29 Double-Bit Axe
14:28 Wheelbarrow
17:33 Horse Collar
20:39 Forging
20:22 Fletching
20:33 Padded Archer Armor
23:18 Castle Age
24:08 Heavy Plow
24:19 Bow Saw
24:02 Gold Mining
24:23 Bodkin Arrow
24:44 Leather Archer Armor
25:04 Thumb Ring
27:41 Husbandry
30:51 Ballistics
31:43 Hand Cart
31:14 Town Watch
33:58 Masonry
36:22 Town Patrol
40:25 Imperial Age
Sgt. Paulto
11:15 Feudal Age
10:48 Loom
14:04 Double-Bit Axe
19:23 Castle Age
20:00 Wheelbarrow
20:51 Wheelbarrow
22:24 Bloodlines
22:56 Scale Barding Armor
23:02 Forging
27:21 Wheelbarrow
27:04 Bow Saw
26:37 Horse Collar
26:50 Gold Mining
26:51 Stone Mining
29:17 Hand Cart
finlayflack
10:58 Feudal Age
11:55 Double-Bit Axe
22:00 Castle Age
20:54 Scale Barding Armor
23:13 Bloodlines
23:05 Husbandry
24:52 Bow Saw
26:48 Chain Barding Armor
26:40 Forging
vilev
6:41 Horse Collar
9:24 Double-Bit Axe
12:24 Feudal Age
11:10 Horse Collar
13:34 Heavy Plow
14:32 Gold Mining
20:02 Bow Saw
20:30 Gold Shaft Mining
23:17 Wheelbarrow
22:43 Man-at-Arms
24:48 Forging
24:38 Scale Mail Armor
24:44 Scale Barding Armor
24:57 Hand Cart
26:13 Caravan
26:48 Scale Barding Armor
28:52 Fletching
34:04 Castle Age
32:32 Padded Archer Armor
34:47 Husbandry
Sir Stinksalot
5:25 Loom
12:43 Feudal Age
13:23 Double-Bit Axe
13:20 Horse Collar
19:57 Bloodlines
22:30 Castle Age
20:58 Gold Mining
24:46 Scale Barding Armor
24:52 Forging
26:01 Wheelbarrow
25:38 Bow Saw
25:30 Heavy Plow
25:40 Stone Mining
28:46 Iron Casting
28:57 Stone Shaft Mining
30:08 Fletching
Connection lost

Rejoining the realm…

Still unreachable

The connection could not be restored.

Session expired

The server has moved on; the page needs a fresh start.